SAAA
HIALEAH DODOS @ SACRAMENTO REDLEGS
08/18/2038
 
TOP OF THE 1ST
Hialeah Dodos batting - Pitching for Sacramento Redlegs : RHP Alberto Gómez
Pitching: RHP Alberto Gómez
Batting: LHB Dallas McMurran 0-0: Ball
1-0: Ball
2-0: Called Strike
2-1: Fly out, F8 (Flyball, 89XD, EV 86.2 MPH)
Batting: RHB Jorge Díaz 0-0: Foul Ball, location: 2F
0-1: Called Strike
0-2: Ball
1-2: Ball
2-2: Strikes out swinging
Batting: SHB Arvo Helminen 0-0: Ground out U3 (Groundball, 3, EV 88.8 MPH)
Top of the 1st over - 0 runs, 0 hits, 0 errors, 0 left on base; Hialeah 0 - Sacramento 0
BOTTOM OF THE 1ST
Sacramento Redlegs batting - Pitching for Hialeah Dodos : LHP Yoshi Minamoto
Pitching: LHP Yoshi Minamoto
Batting: RHB Shihei Kichikawa 0-0: Called Strike
0-1: Ball
1-1: Ball
2-1: Ball
3-1: Base on Balls
Batting: RHB Brandon Graybill 0-0: Ball
1-0: Swinging Strike
1-1: Ball
2-1: SINGLE (Line Drive, 4MD, EV 96.2 MPH)
Shihei Kichikawa to second
Runner from 2nd tries for 3rd, SAFE, no throw by CF
Batting: LHB Wilson Sabadodíaz 0-0: Ball
1-0: Foul Ball, location: 2F
1-1: Ball
2-1: Ball
3-1: Base on Balls
Brandon Graybill to second
Batting: SHB Ricky Sellers 0-0: Ball
1-0: Ball
2-0: Fly out, F7 (Flyball, 8LS, EV 88.1 MPH)
Batting: RHB António Delgado 0-0: Foul Ball, location: 2F
0-1: Called Strike
0-2: Ball
1-2: Fly out, F5 (Popup, 5SF, EV 68.1 MPH)
Batting: RHB Roberto González 0-0: Ball
1-0: Foul Ball, location: 2F
1-1: Called Strike
1-2: Ball
2-2: Reached on error, E4 (Groundball, 4, EV 96.2 MPH)
Shihei Kichikawa scores
Brandon Graybill to third
Wilson Sabadodíaz to second
Batting: LHB Carlos Gabriel 0-0: Ball
1-0: GRAND SLAM HOME RUN (Line Drive, 9LD, EV 99.4 MPH), Distance : 364 ft
Batting: LHB Kahutea Eperaima 0-0: SINGLE (Groundball, 56D, EV 96.9 MPH)
Batting: LHB Luis Serrano 0-0: Ball
1-0: Ball
2-0: Foul Ball, location: 2F
2-1: Ball
3-1: Foul Ball, location: 2F
3-2: Foul Ball, location: 2F
3-2: 2-RUN HOME RUN (Flyball, 9LD, EV 102.5 MPH), Distance : 344 ft
Batting: RHB Shihei Kichikawa 0-0: Ball
1-0: Called Strike
1-1: Fly out, F6 (Popup, 56D, EV 56.9 MPH)
Bottom of the 1st over - 7 runs, 4 hits, 1 error, 0 left on base; Hialeah 0 - Sacramento 7
TOP OF THE 2ND
Hialeah Dodos batting - Pitching for Sacramento Redlegs : RHP Alberto Gómez
Batting: SHB Leon Green 0-0: Ball
1-0: Ball
2-0: Ball
3-0: Called Strike
3-1: DOUBLE (Line Drive, 3D, EV 97.5 MPH)
Batting: RHB Jon Deal 0-0: Ball
1-0: Ground out 4-3 (Groundball, 4, EV 75.0 MPH)
Leon Green to third
Batting: RHB Jesús Ruano 0-0: Ball
1-0: Ball
2-0: SINGLE (Line Drive, 9S, EV 95.6 MPH)
Leon Green scores
Batting: RHB Jimmy Scott 0-0: Called Strike
0-1: Ball
Jesús Ruano steals 2nd base
1-1: Ball
2-1: Ball
3-1: Base on Balls
Batting: RHB Tae-gyoon Ch'oe 0-0: Ball
1-0: Ball
2-0: Fly out, F8 (Flyball, 8LM, EV 93.1 MPH)
Batting: RHB Paul Byrd 0-0: SINGLE (Flyball, 56D, EV 90.6 MPH)
Jesús Ruano to third
Jimmy Scott to second
Runner from 3rd tries for Home, SAFE, throw by LF to home
Batting: LHB Dallas McMurran 0-0: Ball
1-0: Called Strike
1-1: Ball
2-1: Ball
Wild Pitch!
Jimmy Scott to third
Paul Byrd to second
3-1: Base on Balls
Batting: RHB Jorge Díaz 0-0: Fly out, F9 (Flyball, 9S, EV 89.4 MPH)
Top of the 2nd over - 2 runs, 3 hits, 0 errors, 3 left on base; Hialeah 2 - Sacramento 7
BOTTOM OF THE 2ND
Sacramento Redlegs batting - Pitching for Hialeah Dodos : LHP Yoshi Minamoto
Batting: RHB Brandon Graybill 0-0: Foul Ball, location: 2F
0-1: Foul Ball, location: 2F
0-2: SINGLE (Groundball, 3S, EV 86.9 MPH) (infield hit)
Pitching: RHP Wu-shiun Lao
Batting: LHB Wilson Sabadodíaz 0-0: Ball
1-0: Called Strike
1-1: Foul Ball, location: 2F
1-2: Fielders Choice at 2nd, 4-6 (Groundball, 4, EV 103.1 MPH)
Batting: SHB Ricky Sellers 0-0: Called Strike
0-1: Foul Ball, location: 2F
0-2: Foul Ball, location: 2F
0-2: DOUBLE (Flyball, 8LXD, EV 98.1 MPH)
Wilson Sabadodíaz to third
Batting: RHB António Delgado 0-0: Ball
1-0: Foul Ball, location: 2F
1-1: Ball
2-1: Ball
3-1: Base on Balls
Batting: RHB Roberto González 0-0: Ball
1-0: Ball
2-0: Ball
3-0: Base on Balls
Wilson Sabadodíaz scores
Ricky Sellers to third
António Delgado to second
Batting: LHB Carlos Gabriel 0-0: Called Strike
0-1: Fly out, F8 (Flyball, 8LM, EV 90.0 MPH)
Runner from 3rd tags up, OUT at HOME! 8-2
Bottom of the 2nd over - 1 run, 2 hits, 0 errors, 2 left on base; Hialeah 2 - Sacramento 8
TOP OF THE 3RD
Hialeah Dodos batting - Pitching for Sacramento Redlegs : RHP Alberto Gómez
Batting: SHB Arvo Helminen 0-0: Foul Ball, location: 2F
0-1: Ground out 5-3 (Groundball, 56, EV 90.6 MPH)
Batting: SHB Leon Green 0-0: Ball
1-0: Called Strike
1-1: Ball
2-1: Foul Ball, location: 2F
2-2: Ball
3-2: Fly out, F7 (Flyball, 7S, EV 81.2 MPH)
Batting: RHB Jon Deal 0-0: SINGLE (Groundball, 56, EV 88.1 MPH) (infield hit)
Batting: RHB Jesús Ruano 0-0: Ball
1-0: Foul Ball, location: 2F
1-1: Foul Ball, location: 2F
1-2: Fly out, F9 (Flyball, 9LMF, EV 101.9 MPH)
Top of the 3rd over - 0 runs, 1 hit, 0 errors, 1 left on base; Hialeah 2 - Sacramento 8
BOTTOM OF THE 3RD
Sacramento Redlegs batting - Pitching for Hialeah Dodos : RHP Wu-shiun Lao
Batting: LHB Kahutea Eperaima 0-0: Swinging Strike
0-1: TRIPLE (Line Drive, 9LD, EV 103.8 MPH)
Batting: LHB Luis Serrano 0-0: Fly out, F8 (Flyball, 8LD, EV 97.5 MPH)
Runner from 3rd tags up, SCORES, throw by CF
Batting: RHB Shihei Kichikawa 0-0: TRIPLE (Flyball, 78XD, EV 100.0 MPH)
Batting: RHB Brandon Graybill 0-0: Ball
1-0: Fly out, F8 (Line Drive, 8RM, EV 86.2 MPH)
Runner from 3rd tags up, SCORES, no throw by CF
Batting: LHB Wilson Sabadodíaz 0-0: Ball
1-0: Ball
2-0: Ball
3-0: Swinging Strike
3-1: Ground out U3 (Groundball, 3, EV 93.1 MPH)
Bottom of the 3rd over - 2 runs, 2 hits, 0 errors, 0 left on base; Hialeah 2 - Sacramento 10
TOP OF THE 4TH
Hialeah Dodos batting - Pitching for Sacramento Redlegs : RHP Alberto Gómez
Batting: RHB Jimmy Scott 0-0: Ball
1-0: Fly out, F8 (Line Drive, 8LD, EV 93.8 MPH)
Batting: RHB Tae-gyoon Ch'oe 0-0: Ball
1-0: Ball
2-0: Ball
3-0: Called Strike
3-1: Called Strike
3-2: SINGLE (Groundball, 6MD, EV 111.2 MPH)
Batting: RHB Paul Byrd 0-0: Ball
1-0: Grounds into double play, 5-4-3 (Groundball, 56S, EV 81.9 MPH)
Top of the 4th over - 0 runs, 1 hit, 0 errors, 0 left on base; Hialeah 2 - Sacramento 10
BOTTOM OF THE 4TH
Sacramento Redlegs batting - Pitching for Hialeah Dodos : RHP Wu-shiun Lao
Batting: SHB Ricky Sellers 0-0: Ball
1-0: Ball
2-0: Foul Ball, location: 2F
2-1: Ball
3-1: Base on Balls
Batting: RHB António Delgado 0-0: Foul Ball, location: 2F
0-1: Foul Ball, location: 2F
0-2: SINGLE (Line Drive, 5D, EV 95.0 MPH)
Ricky Sellers to second
Batting: RHB Roberto González 0-0: Ball
1-0: Ball
2-0: Foul Ball, location: 2F
2-1: Swinging Strike
2-2: Foul Ball, location: 2F
2-2: Foul Ball, location: 2F
2-2: Strikes out swinging
Batting: LHB Carlos Gabriel 0-0: Ball
Wild Pitch!
Ricky Sellers to third
António Delgado to second
1-0: Foul Ball, location: 2F
1-1: Foul Ball, location: 2F
1-2: Foul Ball, location: 2F
1-2: Strikes out swinging
Batting: LHB Kahutea Eperaima 0-0: Ball
1-0: Ball
2-0: Ball
3-0: Base on Balls
Batting: LHB Luis Serrano 0-0: Foul Ball, location: 2F
0-1: Ball
1-1: Ball
2-1: Ball
3-1: Fly out, F8 (Flyball, 89XD, EV 96.9 MPH)
Bottom of the 4th over - 0 runs, 1 hit, 0 errors, 3 left on base; Hialeah 2 - Sacramento 10
TOP OF THE 5TH
Hialeah Dodos batting - Pitching for Sacramento Redlegs : RHP Alberto Gómez
Batting: LHB Dallas McMurran 0-0: Foul Ball, location: 2F
0-1: Ball
1-1: Ball
2-1: Ball
3-1: Called Strike
3-2: Foul Ball, location: 2F
3-2: Base on Balls
Batting: RHB Jorge Díaz 0-0: Ball
1-0: Swinging Strike
1-1: Hit by Pitch
Dallas McMurran to second
Batting: SHB Arvo Helminen 0-0: Ball
1-0: Foul Ball, location: 2F
1-1: Foul Ball, location: 2F
1-2: Foul Ball, location: 2F
1-2: Hit by Pitch
Dallas McMurran to third
Jorge Díaz to second
Batting: SHB Leon Green 0-0: Called Strike
0-1: Swinging Strike
0-2: Foul Ball, location: 2F
0-2: Ball
1-2: Strikes out looking
Batting: RHB Jon Deal 0-0: Called Strike
0-1: Swinging Strike
0-2: Ball
1-2: Ball
2-2: Ball
3-2: Strikes out swinging
Batting: RHB Jesús Ruano 0-0: Ball
1-0: Ball
2-0: Called Strike
2-1: Called Strike
2-2: Fly out, F5 (Popup, 25, EV 83.1 MPH)
Top of the 5th over - 0 runs, 0 hits, 0 errors, 3 left on base; Hialeah 2 - Sacramento 10
BOTTOM OF THE 5TH
Sacramento Redlegs batting - Pitching for Hialeah Dodos : RHP Wu-shiun Lao
Batting: RHB Shihei Kichikawa 0-0: Fly out, F8 (Flyball, 8LD, EV 90.0 MPH)
Batting: RHB Brandon Graybill 0-0: Fly out, F6 (Line Drive, 6, EV 69.4 MPH)
Batting: LHB Wilson Sabadodíaz 0-0: DOUBLE (Flyball, 8LXD, EV 106.2 MPH)
Batting: SHB Ricky Sellers 0-0: 2-RUN HOME RUN (Flyball, 9D, EV 102.5 MPH), Distance : 383 ft
Batting: RHB António Delgado 0-0: Ground out 6-3 (Groundball, 6, EV 104.4 MPH)
Bottom of the 5th over - 2 runs, 2 hits, 0 errors, 0 left on base; Hialeah 2 - Sacramento 12
TOP OF THE 6TH
Hialeah Dodos batting - Pitching for Sacramento Redlegs : RHP Alberto Gómez
Batting: RHB Jimmy Scott 0-0: Called Strike
0-1: Swinging Strike
0-2: Ball
1-2: Foul Ball, location: 2F
1-2: Foul Ball, location: 2F
1-2: Fly out, F6 (Popup, 6M, EV 51.9 MPH)
Batting: RHB Tae-gyoon Ch'oe 0-0: Foul Ball, location: 2F
0-1: Ball
1-1: Ball
2-1: Called Strike
2-2: SINGLE (Line Drive, 89S, EV 101.9 MPH)
Batting: RHB Paul Byrd 0-0: Ball
1-0: Called Strike
1-1: Ball
2-1: Foul Ball, location: 2F
2-2: Ball
3-2: Grounds into double play, 6-4-3 (Groundball, 6, EV 104.4 MPH)
Top of the 6th over - 0 runs, 1 hit, 0 errors, 0 left on base; Hialeah 2 - Sacramento 12
BOTTOM OF THE 6TH
Sacramento Redlegs batting - Pitching for Hialeah Dodos : RHP Wu-shiun Lao
Batting: RHB Roberto González 0-0: Swinging Strike
0-1: Foul Ball, location: 2F
0-2: Ball
1-2: Foul Ball, location: 2F
1-2: Foul Ball, location: 2F
1-2: SINGLE (Line Drive, 6MD, EV 97.5 MPH)
Pitching: LHP Sergio Vargas
Batting: LHB Carlos Gabriel 0-0: Ball
1-0: Ball
2-0: Called Strike
2-1: Foul Ball, location: 2F
2-2: Ball
3-2: DOUBLE (Groundball, 3L, EV 108.1 MPH)
Roberto González to third
Runner from 3rd tries for Home, SAFE, no throw by RF
Batting: LHB Kahutea Eperaima 0-0: Called Strike
0-1: Called Strike
0-2: Strikes out swinging
Batting: LHB Luis Serrano 0-0: Called Strike
0-1: SINGLE (Groundball, 4D, EV 97.5 MPH)
Carlos Gabriel to third
Runner from 3rd tries for Home, SAFE, throw by CF to home
Batting: RHB Shihei Kichikawa 0-0: Swinging Strike
0-1: Swinging Strike
0-2: Fly out, F6 (Popup, 6MS, EV 58.1 MPH)
Batting: RHB Brandon Graybill 0-0: Swinging Strike
0-1: Swinging Strike
0-2: Strikes out swinging
Bottom of the 6th over - 2 runs, 3 hits, 0 errors, 1 left on base; Hialeah 2 - Sacramento 14
TOP OF THE 7TH
Hialeah Dodos batting - Pitching for Sacramento Redlegs : RHP Alberto Gómez
Pitching: LHP Dan Horan
Pinch Hitting: SHB Iikka Karpinen 0-0: Ball
1-0: Called Strike
1-1: Ball
2-1: Ball
3-1: Foul Ball, location: 2F
3-2: Foul Ball, location: 2F
3-2: SINGLE (Line Drive, 78S, EV 96.2 MPH)
Batting: RHB Jorge Díaz 0-0: Foul Ball, location: 2F
0-1: Ball
1-1: Ball
2-1: Grounds into double play, 5-4-3 (Groundball, 5L, EV 80.6 MPH)
Batting: SHB Arvo Helminen 0-0: Ball
1-0: Called Strike
1-1: Ball
2-1: Ground out 6-3 (Groundball, 6, EV 88.8 MPH)
Top of the 7th over - 0 runs, 1 hit, 0 errors, 0 left on base; Hialeah 2 - Sacramento 14
BOTTOM OF THE 7TH
Sacramento Redlegs batting - Pitching for Hialeah Dodos : LHP Sergio Vargas
Now in CF: Iikka Karpinen
Pinch Hitting: LHB Martín Zamora 0-0: Called Strike
0-1: Ball
1-1: Ball
2-1: SINGLE (Groundball, 13, EV 73.8 MPH) (infield hit)
Batting: SHB Ricky Sellers 0-0: Ball
1-0: SINGLE (Flyball, 78S, EV 96.2 MPH)
Martín Zamora to second
Batting: RHB António Delgado 0-0: Ball
Wild Pitch!
Martín Zamora to third
Ricky Sellers to second
1-0: Ball
2-0: Swinging Strike
2-1: Ball
3-1: Base on Balls
Batting: RHB Roberto González 0-0: Ball
1-0: Ball
2-0: Foul Ball, location: 2F
2-1: Grounds into double play, 5-4-3 (Groundball, 56S, EV 88.8 MPH)
Martín Zamora scores
Ricky Sellers to third
Batting: LHB Carlos Gabriel 0-0: Called Strike
0-1: SINGLE (Groundball, 6MD, EV 98.8 MPH)
Ricky Sellers scores
Batting: LHB Kahutea Eperaima 0-0: Ball
1-0: Ground out 4-3 (Groundball, 4, EV 98.8 MPH)
Bottom of the 7th over - 2 runs, 3 hits, 0 errors, 1 left on base; Hialeah 2 - Sacramento 16
TOP OF THE 8TH
Hialeah Dodos batting - Pitching for Sacramento Redlegs : LHP Dan Horan
Now in LF: Martín Zamora
Batting: SHB Leon Green 0-0: Called Strike
0-1: Foul Ball, location: 2F
0-2: Ball
1-2: Ball
2-2: Ball
3-2: Foul Ball, location: 2F
3-2: Foul Ball, location: 2F
3-2: SINGLE (Groundball, 6MD, EV 108.1 MPH)
Pinch Hitting: RHB Dan Chrzan 0-0: Ball
1-0: Ball
2-0: Ball
3-0: Called Strike
3-1: Foul Ball, location: 2F
3-2: Grounds into double play, 4-6-3 (Groundball, 34, EV 86.2 MPH)
Batting: RHB Jesús Ruano 0-0: Ball
1-0: Ball
2-0: SINGLE (Line Drive, 89M, EV 93.8 MPH)
Batting: RHB Jimmy Scott 0-0: Called Strike
0-1: Foul Ball, location: 2F
0-2: Foul Ball, location: 2F
0-2: 2-RUN HOME RUN (Flyball, 78XD, EV 95.6 MPH), Distance : 437 ft
Batting: RHB Tae-gyoon Ch'oe 0-0: Called Strike
0-1: Called Strike
0-2: Ball
1-2: Strikes out swinging
Top of the 8th over - 2 runs, 3 hits, 0 errors, 0 left on base; Hialeah 4 - Sacramento 16
BOTTOM OF THE 8TH
Sacramento Redlegs batting - Pitching for Hialeah Dodos : LHP Sergio Vargas
Now at 1B: Dan Chrzan
Batting: LHB Luis Serrano 0-0: Ball
1-0: Called Strike
1-1: Called Strike
1-2: Ball
2-2: Foul Ball, location: 2F
2-2: Foul Ball, location: 2F
2-2: Foul Ball, location: 2F
2-2: Foul Ball, location: 2F
2-2: Ground out 4-3 (Groundball, 34D, EV 105.6 MPH)
Batting: RHB Shihei Kichikawa 0-0: Ground out 6-3 (Groundball, 6S, EV 88.8 MPH)
Pinch Hitting: RHB Taua Naituyaga 0-0: Ball
1-0: Ground out 4-3 (Groundball, 4, EV 90.6 MPH)
Bottom of the 8th over - 0 runs, 0 hits, 0 errors, 0 left on base; Hialeah 4 - Sacramento 16
TOP OF THE 9TH
Hialeah Dodos batting - Pitching for Sacramento Redlegs : LHP Dan Horan
Now at 3B: Taua Naituyaga
Batting: RHB Paul Byrd 0-0: Ball
1-0: Called Strike
1-1: Swinging Strike
1-2: Foul Ball, location: 2F
1-2: Ball
2-2: SINGLE (Groundball, 6MD, EV 105.0 MPH)
Pitching: RHP Hwen-thiang Goei
Batting: SHB Iikka Karpinen 0-0: Ball
1-0: Foul Ball, location: 2F
1-1: Ball
2-1: Foul Ball, location: 2F
2-2: Foul Ball, location: 2F
2-2: Ball
3-2: Base on Balls
Paul Byrd to second
Batting: RHB Jorge Díaz 0-0: Foul Ball, location: 2F
0-1: Called Strike
0-2: Ball
1-2: Ball
2-2: SINGLE (Flyball, 8RS, EV 93.1 MPH)
Paul Byrd to third
Iikka Karpinen to second
Pinch Hitting: LHB Manuel Ruíz 0-0: Called Strike
0-1: Foul Ball, location: 2F
0-2: Ball
1-2: Strikes out swinging
Batting: SHB Leon Green 0-0: Swinging Strike
0-1: Ball
1-1: Called Strike
1-2: Foul Ball, location: 2F
1-2: Fly out, F5 (Line Drive, 5, EV 65.0 MPH)
Pinch Hitting: RHB Richard Sonntag 0-0: Ball
1-0: Ball
2-0: Called Strike
2-1: Foul Ball, location: 2F
2-2: Ball
3-2: Fly out, F7 (Line Drive, 7, EV 104.4 MPH)
Top of the 9th over - 0 runs, 2 hits, 0 errors, 3 left on base; Hialeah 4 - Sacramento 16
Friday, April 17th, 2020 - OOTP Baseball 20.8 Build 74